TOP OF THE 1ST |
Jersey Shore D-Bags batting - Pitching for Greenville 84s : RHP Vicente Durán
|
Pitching: RHP Vicente Durán
|
|
Batting: RHB Ricardo González
|
0-0: Foul Ball, location: 2F 0-1: Ball 1-1: Ball 2-1: Swinging Strike 2-2: Ball 3-2: Foul Ball, location: 2F 3-2: Ground out 5-3 (Groundball, 5L)
|
Batting: RHB Millard Boyd
|
0-0: Ball 1-0: Foul Ball, location: 2F 1-1: Foul Ball, location: 2F 1-2: Ball 2-2: Ball 3-2: Foul Ball, location: 2F 3-2: Ground out U3 (Groundball, 23)
|
Batting: LHB Dave Dodd
|
0-0: Ball 1-0: Ball 2-0: Foul Ball, location: 2F 2-1: Ball 3-1: Called Strike 3-2: Foul Ball, location: 2F 3-2: Base on Balls
|
Batting: RHB Miguel Serna
|
0-0: Swinging Strike 0-1: Ball 1-1: Ball 2-1: Swinging Strike 2-2: Fly out, F4 (Popup, 4MD)
|
Top of the 1st over - 0 run(s), 0 hit(s), 0 error(s), 1 left on base; Jersey Shore 0 - Greenville 0 |
BOTTOM OF THE 1ST |
Greenville 84s batting - Pitching for Jersey Shore D-Bags : RHP Roland Martin
|
Pitching: RHP Roland Martin
|
|
Batting: RHB Carlos Torres
|
0-0: Ball 1-0: Ball 2-0: Called Strike 2-1: Fly out, F2 (Popup, 13)
|
Batting: LHB Chris Moore
|
0-0: Called Strike 0-1: Called Strike 0-2: Ball 1-2: Ball 2-2: Ball 3-2: Foul Ball, location: 2F 3-2: Base on Balls
|
Batting: RHB Enzo Díaz
|
0-0: Called Strike 0-1: Ball 1-1: Foul Ball, location: 2F 1-2: Foul Ball, location: 2F 1-2: Strikes out swinging
|
Batting: LHB Brock Larsen
|
0-0: Called Strike 0-1: Foul Ball, location: 2F 0-2: Ball 1-2: Ball 2-2: Strikes out swinging
|
Bottom of the 1st over - 0 run(s), 0 hit(s), 0 error(s), 1 left on base; Jersey Shore 0 - Greenville 0 |
TOP OF THE 2ND |
Jersey Shore D-Bags batting - Pitching for Greenville 84s : RHP Vicente Durán
|
Batting: RHB Alfredo Rivera
|
0-0: Called Strike 0-1: Ground out 4-3 (Groundball, 4)
|
Batting: LHB Albert Morgan
|
0-0: Ground out 4-3 (Groundball, 4)
|
Batting: RHB Luis Ríos
|
0-0: Called Strike 0-1: Fly out, F1 (Line Drive, 15)
|
Top of the 2nd over - 0 run(s), 0 hit(s), 0 error(s), 0 left on base; Jersey Shore 0 - Greenville 0 |
BOTTOM OF THE 2ND |
Greenville 84s batting - Pitching for Jersey Shore D-Bags : RHP Roland Martin
|
Batting: SHB Gilberto Guzmán
|
0-0: Ball 1-0: Ball 2-0: Called Strike 2-1: Foul Ball, location: 2F 2-2: Foul Ball, location: 2F 2-2: Foul Ball, location: 2F 2-2: Ball 3-2: SINGLE (Groundball, 56D)
|
Batting: LHB Jimmy Vickers
|
0-0: Ball 1-0: Fly out, F8 (Line Drive, 8RM)
|
Batting: LHB George Wood
|
0-0: Swinging Strike 0-1: Ball 1-1: Ball 2-1: Foul Ball, location: 2F 2-2: Strikes out swinging
|
Batting: RHB Robert Buckley
|
0-0: Ball 1-0: Foul Ball, location: 2F 1-1: Ball 2-1: Ball 3-1: Foul Ball, location: 2F 3-2: Base on Balls Gilberto Guzmán to second
|
Batting: LHB Robert Moore
|
0-0: Called Strike 0-1: Swinging Strike 0-2: Ball 1-2: Foul Ball, location: 2F 1-2: Ball 2-2: Strikes out swinging
|
Bottom of the 2nd over - 0 run(s), 1 hit(s), 0 error(s), 2 left on base; Jersey Shore 0 - Greenville 0 |
TOP OF THE 3RD |
Jersey Shore D-Bags batting - Pitching for Greenville 84s : RHP Vicente Durán
|
Batting: LHB José Esparza
|
0-0: Called Strike 0-1: Ball 1-1: Ball 2-1: Ball 3-1: Ground out 4-3 (Groundball, 34)
|
Batting: RHB Cy Keynes
|
0-0: Ground out 6-3 (Groundball, 4MS)
|
Batting: RHB Ricardo González
|
0-0: Called Strike 0-1: Ball 1-1: Foul Ball, location: 2F 1-2: Ball 2-2: Ball 3-2: Base on Balls
|
Batting: RHB Millard Boyd
|
0-0: Ball Ricardo González steals 2nd base 1-0: Ground out 5-3 (Groundball, 56)
|
Top of the 3rd over - 0 run(s), 0 hit(s), 0 error(s), 1 left on base; Jersey Shore 0 - Greenville 0 |
BOTTOM OF THE 3RD |
Greenville 84s batting - Pitching for Jersey Shore D-Bags : RHP Roland Martin
|
Batting: RHB Carlos Torres
|
0-0: Foul Ball, location: 2F 0-1: Ball 1-1: Swinging Strike 1-2: Ball 2-2: Foul Ball, location: 2F 2-2: Foul Ball, location: 2F 2-2: Foul Ball, location: 2F 2-2: Ball 3-2: Fly out, F4 (Line Drive, 4)
|
Batting: LHB Chris Moore
|
0-0: Ball 1-0: Ball 2-0: Foul Ball, location: 2F 2-1: Foul Ball, location: 2F 2-2: Strikes out swinging
|
Batting: RHB Enzo Díaz
|
0-0: Swinging Strike 0-1: SOLO HOME RUN (Flyball, 7D), Distance : 372 ft
|
Batting: LHB Brock Larsen
|
0-0: Ball 1-0: Called Strike 1-1: Fly out, F8 (Flyball, 8LS)
|
Bottom of the 3rd over - 1 run(s), 1 hit(s), 0 error(s), 0 left on base; Jersey Shore 0 - Greenville 1 |
TOP OF THE 4TH |
Jersey Shore D-Bags batting - Pitching for Greenville 84s : RHP Vicente Durán
|
Batting: LHB Dave Dodd
|
0-0: Ground out 5-3 (Groundball, 56)
|
Batting: RHB Miguel Serna
|
0-0: Swinging Strike 0-1: Foul Ball, location: 2F 0-2: Foul Ball, location: 2F 0-2: Strikes out looking
|
Batting: RHB Alfredo Rivera
|
0-0: Called Strike 0-1: Ground out 6-3 (Groundball, 6)
|
Top of the 4th over - 0 run(s), 0 hit(s), 0 error(s), 0 left on base; Jersey Shore 0 - Greenville 1 |
BOTTOM OF THE 4TH |
Greenville 84s batting - Pitching for Jersey Shore D-Bags : RHP Roland Martin
|
Batting: SHB Gilberto Guzmán
|
0-0: Ball 1-0: Foul Ball, location: 2F 1-1: Foul Ball, location: 2F 1-2: Ball 2-2: Fly out, F5 (Popup, 15)
|
Batting: LHB Jimmy Vickers
|
0-0: Called Strike 0-1: SINGLE (Groundball, 34D)
|
Batting: LHB George Wood
|
0-0: Ball 1-0: Called Strike 1-1: Foul Ball, location: 2F 1-2: Foul Ball, location: 2F 1-2: SINGLE (Line Drive, 4M) Jimmy Vickers to second
|
Batting: RHB Robert Buckley
|
0-0: SINGLE (Line Drive, 56D) Jimmy Vickers to third George Wood to second
|
Batting: LHB Robert Moore
|
0-0: SINGLE (Groundball, 4MD) Jimmy Vickers scores George Wood to third Robert Buckley to second Runner from 3rd tries for Home, SAFE, no throw
|
Batting: RHB Carlos Torres
|
0-0: Ball 1-0: TRIPLE (Flyball, 9LD) Robert Buckley scores Robert Moore scores
|
Batting: LHB Chris Moore
|
0-0: Ball 1-0: Ball 2-0: Fly out, F7 (Flyball, 7LSF) Runner from 3rd tags up, SCORES, no throw
|
Batting: RHB Enzo Díaz
|
0-0: Called Strike 0-1: Ball 1-1: Fly out, F7 (Flyball, 7)
|
Bottom of the 4th over - 5 run(s), 5 hit(s), 0 error(s), 0 left on base; Jersey Shore 0 - Greenville 6 |
TOP OF THE 5TH |
Jersey Shore D-Bags batting - Pitching for Greenville 84s : RHP Vicente Durán
|
Batting: LHB Albert Morgan
|
0-0: Ball 1-0: Foul Ball, location: 2F 1-1: Foul Ball, location: 2F 1-2: Strikes out swinging
|
Batting: RHB Luis Ríos
|
0-0: Swinging Strike 0-1: Swinging Strike 0-2: Ground out 6-3 (Groundball, 6)
|
Batting: LHB José Esparza
|
0-0: Ball 1-0: Called Strike 1-1: Ball 2-1: Ball 3-1: Foul Ball, location: 2F 3-2: Foul Ball, location: 2F 3-2: Foul Ball, location: 2F 3-2: Strikes out swinging
|
Top of the 5th over - 0 run(s), 0 hit(s), 0 error(s), 0 left on base; Jersey Shore 0 - Greenville 6 |
BOTTOM OF THE 5TH |
Greenville 84s batting - Pitching for Jersey Shore D-Bags : RHP Roland Martin
|
Pitching: RHP Johnathan Phillips
|
|
Batting: LHB Brock Larsen
|
0-0: Swinging Strike 0-1: Called Strike 0-2: Ground out U3 (Groundball, 34)
|
Batting: SHB Gilberto Guzmán
|
0-0: Called Strike 0-1: Ball 1-1: Swinging Strike 1-2: Foul Ball, location: 2F 1-2: Ball 2-2: Strikes out looking
|
Batting: LHB Jimmy Vickers
|
0-0: Ball 1-0: Ball 2-0: Swinging Strike 2-1: Ball 3-1: Base on Balls
|
Batting: LHB George Wood
|
0-0: Ball 1-0: Ball 2-0: Ball 3-0: Base on Balls Jimmy Vickers to second
|
Batting: RHB Robert Buckley
|
0-0: Fly out, F9 (Flyball, 89D)
|
Bottom of the 5th over - 0 run(s), 0 hit(s), 0 error(s), 2 left on base; Jersey Shore 0 - Greenville 6 |
TOP OF THE 6TH |
Jersey Shore D-Bags batting - Pitching for Greenville 84s : RHP Vicente Durán
|
Batting: RHB Cy Keynes
|
0-0: Called Strike 0-1: Foul Ball, location: 2F 0-2: Ball 1-2: Ground out 6-3 (Groundball, 6S)
|
Batting: RHB Ricardo González
|
0-0: Foul Ball, location: 2F 0-1: Ball 1-1: Ball 2-1: Foul Ball, location: 2F 2-2: Ball 3-2: Base on Balls
|
Batting: RHB Millard Boyd
|
0-0: Ball 1-0: Ball 2-0: Ball 3-0: Base on Balls Ricardo González to second
|
Batting: LHB Dave Dodd
|
0-0: Ball 1-0: Called Strike 1-1: Ball Ricardo González steals 3rd base Millard Boyd to second 2-1: Fly out, F7 (Flyball, 7S) Runner from 3rd tags up, SCORES, throw made
|
Batting: RHB Miguel Serna
|
0-0: Ball 1-0: Foul Ball, location: 2F 1-1: Foul Ball, location: 2F 1-2: Strikes out swinging
|
Top of the 6th over - 1 run(s), 0 hit(s), 0 error(s), 1 left on base; Jersey Shore 1 - Greenville 6 |
BOTTOM OF THE 6TH |
Greenville 84s batting - Pitching for Jersey Shore D-Bags : RHP Johnathan Phillips
|
Batting: LHB Robert Moore
|
0-0: Ball 1-0: Called Strike 1-1: Called Strike 1-2: Ball 2-2: Foul Ball, location: 2F 2-2: Fly out, F7 (Flyball, 78M)
|
Batting: RHB Carlos Torres
|
0-0: Ball 1-0: Ground out 6-3 (Groundball, 6)
|
Batting: LHB Chris Moore
|
0-0: Foul Ball, location: 2F 0-1: Ball 1-1: Ball 2-1: SINGLE (Groundball, 34D)
|
Batting: RHB Enzo Díaz
|
0-0: Swinging Strike 0-1: Foul Ball, location: 2F 0-2: Ball 1-2: Ball 2-2: Foul Ball, location: 2F 2-2: Strikes out looking
|
Bottom of the 6th over - 0 run(s), 1 hit(s), 0 error(s), 1 left on base; Jersey Shore 1 - Greenville 6 |
TOP OF THE 7TH |
Jersey Shore D-Bags batting - Pitching for Greenville 84s : RHP Vicente Durán
|
Batting: RHB Alfredo Rivera
|
0-0: Ball 1-0: Ball 2-0: Foul Ball, location: 2F 2-1: Swinging Strike 2-2: Strikes out swinging
|
Batting: LHB Albert Morgan
|
0-0: Ball 1-0: DOUBLE (Line Drive, 78D)
|
Batting: RHB Luis Ríos
|
0-0: Called Strike 0-1: Foul Ball, location: 2F 0-2: Ball 1-2: Strikes out swinging
|
Batting: LHB José Esparza
|
0-0: Ball 1-0: Foul Ball, location: 2F 1-1: SINGLE (Line Drive, 34) Albert Morgan to third Runner from 3rd tries for Home, SAFE, no throw
|
Batting: RHB Cy Keynes
|
0-0: Ball 1-0: Ball 2-0: Ball 3-0: Base on Balls José Esparza to second
|
Batting: RHB Ricardo González
|
0-0: Ball 1-0: SINGLE (Line Drive, 9S) José Esparza to third Cy Keynes to second Runner from 3rd tries for Home, SAFE, throw made at trailing runner, OUT at third!
|
Top of the 7th over - 2 run(s), 3 hit(s), 0 error(s), 1 left on base; Jersey Shore 3 - Greenville 6 |
BOTTOM OF THE 7TH |
Greenville 84s batting - Pitching for Jersey Shore D-Bags : RHP Johnathan Phillips
|
Batting: LHB Brock Larsen
|
0-0: Called Strike 0-1: Ball 1-1: Called Strike 1-2: Ball 2-2: Ball 3-2: SOLO HOME RUN (Flyball, 8LXD), Distance : 451 ft
|
Batting: SHB Gilberto Guzmán
|
0-0: Ball 1-0: Ball 2-0: Called Strike 2-1: SINGLE (Groundball, 34) (infield hit)
|
Batting: LHB Jimmy Vickers
|
0-0: Ball 1-0: Sac Bunt - play at first, batter OUT! 1-3 Gilberto Guzmán to second
|
Batting: LHB George Wood
|
0-0: Ball 1-0: Foul Ball, location: 2F 1-1: SINGLE (Groundball, 6MD) Gilberto Guzmán to third Runner from 3rd tries for Home, SAFE, no throw
|
Pitching: RHP Luis Cortéz
|
|
Batting: RHB Robert Buckley
|
0-0: SINGLE (Flyball, 9LS) George Wood to second Runner from 2nd tries for 3rd, SAFE, throw made to third
|
Batting: LHB Robert Moore
|
0-0: Ball 1-0: Called Strike 1-1: Ball 2-1: Called Strike 2-2: Ball 3-2: Foul Ball, location: 2F 3-2: Foul Ball, location: 2F 3-2: SINGLE (Groundball, 3D) George Wood scores Robert Buckley to second Runner from 2nd tries for 3rd, SAFE, throw made to third
|
Batting: RHB Carlos Torres
|
0-0: Ball 1-0: Called Strike 1-1: Swinging Strike 1-2: Grounds into double play, 4-6-3 (Groundball, 4)
|
Bottom of the 7th over - 3 run(s), 5 hit(s), 0 error(s), 1 left on base; Jersey Shore 3 - Greenville 9 |
TOP OF THE 8TH |
Jersey Shore D-Bags batting - Pitching for Greenville 84s : RHP Vicente Durán
|
Batting: RHB Millard Boyd
|
0-0: Ball 1-0: Foul Ball, location: 2F 1-1: Foul Ball, location: 2F 1-2: Ball 2-2: Ball 3-2: Strikes out swinging
|
Batting: LHB Dave Dodd
|
0-0: Swinging Strike 0-1: Foul Ball, location: 2F 0-2: Ball 1-2: Ball 2-2: Ground out 1-3 (Groundball, P)
|
Batting: RHB Miguel Serna
|
0-0: SINGLE (Groundball, 4MD)
|
Pitching: RHP Paco Ruíz
|
|
Batting: RHB Alfredo Rivera
|
0-0: Ball 1-0: Foul Ball, location: 2F 1-1: Called Strike 1-2: Ball 2-2: SINGLE (Groundball, 6D) Miguel Serna to second
|
Batting: LHB Albert Morgan
|
0-0: Fielders Choice at 2nd, 4-6 (Groundball, 4)
|
Top of the 8th over - 0 run(s), 2 hit(s), 0 error(s), 1 left on base; Jersey Shore 3 - Greenville 9 |
BOTTOM OF THE 8TH |
Greenville 84s batting - Pitching for Jersey Shore D-Bags : RHP Luis Cortéz
|
Batting: LHB Chris Moore
|
0-0: Called Strike 0-1: Ball 1-1: Ball 2-1: Foul Ball, location: 2F 2-2: Strikes out swinging
|
Batting: RHB Enzo Díaz
|
0-0: Ball 1-0: Foul Ball, location: 2F 1-1: Foul Ball, location: 2F 1-2: SINGLE (Groundball, 6MD)
|
Batting: LHB Brock Larsen
|
0-0: Called Strike 0-1: Foul Ball, location: 2F 0-2: Fielders Choice at 2nd, 6-4 (Groundball, 6)
|
Batting: SHB Gilberto Guzmán
|
0-0: Ball 1-0: Ball Brock Larsen steals 2nd base 2-0: Called Strike 2-1: DOUBLE (Groundball, 5L) Brock Larsen scores
|
Pinch Runner at 2nd Owen Carter:
|
|
Batting: LHB Jimmy Vickers
|
0-0: Ball 1-0: Fly out, F9 (Line Drive, 9S)
|
Bottom of the 8th over - 1 run(s), 2 hit(s), 0 error(s), 1 left on base; Jersey Shore 3 - Greenville 10 |
TOP OF THE 9TH |
Jersey Shore D-Bags batting - Pitching for Greenville 84s : RHP Paco Ruíz
|
Now in LF: Owen Carter
|
|
Batting: RHB Luis Ríos
|
0-0: Ball 1-0: Called Strike 1-1: Ground out 3-1 (Groundball, 34)
|
Pinch Hitting: RHB Derek Ramsey
|
0-0: Ball 1-0: Ball 2-0: Ball 3-0: Base on Balls
|
Batting: RHB Cy Keynes
|
0-0: Foul Ball, location: 2F Balk! Derek Ramsey to second 0-1: Ball 1-1: Ball 2-1: SINGLE (Line Drive, 6MD) Derek Ramsey to third
|
Batting: RHB Ricardo González
|
0-0: Ball 1-0: Called Strike 1-1: Ball Passed Ball! Derek Ramsey scores Cy Keynes to second 2-1: Foul Ball, location: 2F 2-2: Foul Ball, location: 2F 2-2: Ground out 5-3 (Groundball, 56S) Cy Keynes to third
|
Batting: RHB Millard Boyd
|
0-0: Ball 1-0: Swinging Strike 1-1: Foul Ball, location: 2F 1-2: Foul Ball, location: 2F 1-2: Strikes out looking
|
Top of the 9th over - 1 run(s), 1 hit(s), 0 error(s), 1 left on base; Jersey Shore 4 - Greenville 10 |
|